 Dungeon Crawl Stone Soup version 0.30-a0-793-g160f7cfddd (webtiles) character file.

Game seed: 18386262754784135313

7 pokeman the Magician (level 1, -3/10 HPs)
             Began as a Deep Elf Hedge Wizard on Feb 19, 2023.
             Slain by a gnoll
             ... wielding a +0 whip
              (7 damage)
             ... on level 1 of the Dungeon.
             The game lasted 00:00:43 (284 turns).

pokeman the Magician (Deep Elf Hedge Wizard)         Turns: 284, Time: 00:00:43

Health: -3/10      AC:  2    Str:  7    XL:     1   Next: 91%
Magic:  8/8        EV: 12    Int: 18    God:
Gold:   11         SH:  0    Dex: 14    Spells: 8/9 levels left

rFire   . . .      SeeInvis .    a - +0 dagger
rCold   . . .      Faith    .    (no shield)
rNeg    . . .      Spirit   .    b - +0 robe
rPois   .          Reflect  .    c - +0 hat
rElec   .          Harm     .    (no cloak)
rCorr   .          Rampage  .    (no gloves)
Will    .....                    (no boots)
Stlth   ++                       (no amulet)
HPRegen 0.21/turn                (no ring)
MPRegen 0.11/turn                (no ring)

@: no status effects
A: no striking features
a: no special abilities


You were on level 1 of the Dungeon.
You visited 1 branch of the dungeon, and saw 1 of its levels.

You collected 11 gold pieces.

Inventory:

Hand Weapons
 a - a +0 dagger (weapon)
Armour
 b - a +0 robe (worn)
 c - a +0 hat (worn)
Scrolls
 f - a scroll of immolation {unknown}
 g - a scroll of identify {unknown}
Potions
 d - a potion of magic
 e - 3 potions of attraction {unknown}


   Skills:
 + Level 0.3 Fighting
 + Level 0.3 Armour
 - Level 2.4 Dodging
 - Level 2.4 Stealth
 * Level 4.7 Spellcasting
 + Level 1.3 Conjurations
 - Level 1.1 Summonings
 - Level 1.1 Translocations


You had 8 spell levels left.
You knew the following spells:

 Your Spells              Type           Power      Damage    Failure   Level
a - Magic Dart            Conj           36%        1d4       8%          1

Your spell library contained the following spells:

 Spells                   Type           Power      Damage    Failure   Level
 Blink                    Tloc           16%        N/A       13%         2
 Call Imp                 Summ           8%         N/A       13%         2
 Slow                     Hex            16%        N/A       14%         1
 Cigotuvi's Dreadful Rot  Necr/Pois/Air  8%         N/A       21%         2
 Mephitic Cloud           Conj/Pois/Air  5%         N/A       34%         3


Dungeon Overview and Level Annotations

Branches:
Dungeon (1/15)

Altars:


Message History

The bat closely misses you. The bat closely misses you.
Unknown command.
Unknown command.
The bat attacks as you move away! The bat hits you but does no damage.
The bat completely misses you. The bat hits you but does no damage.
The bat attacks as you move away! The bat hits you but does no damage. x2
The bat closely misses you. The bat hits you but does no damage.
The bat closely misses you.
You see here a bat corpse.
The bat barely misses you. The bat closely misses you.
The bat hits you but does no damage.
You hit the bat.
The bat is severely wounded.
The bat closely misses you. The gnoll attacks as you move away!
The gnoll barely misses you. The bat hits you but does no damage.
The bat attacks as you move away! The bat closely misses you.
A ball python and a goblin come into view.
The bat hits you but does no damage.
The goblin shouts!
The ball python hisses angrily.
The goblin barely misses you. The bat attacks as you move away!
The bat hits you. The bat hits you but does no damage.
The bat closely misses you. The gnoll attacks as you move away!
The gnoll misses you. The goblin attacks as you move away!
The goblin barely misses you. The bat closely misses you.
The gnoll attacks as you move away! The gnoll hits you with a +0 whip.
Ouch! That really hurt!
The goblin attacks as you move away! The goblin misses you.
The bat hits you but does no damage. The gnoll attacks as you move away!
The gnoll barely misses you. The goblin attacks as you move away!
The goblin hits you with a +0 dagger. The gnoll attacks as you move away!
The gnoll hits you but does no damage. The gnoll attacks as you move away!
The gnoll hits you with a +0 whip!
Ouch! That really hurt!
You die...

....[..............##.....#......
.......#...........##.....#......
.......#...........#..... #......
.......##.............#.# #######
..)...>...............[. .......
.......###......#...## #.#####
.....#.)...##..#...#. #.# ##
.....###..........## ##'####.
...............b@..# +...'..#
.....†.........gg..# #.<.####
.....#.............# +...+
...###.#.......S...# ##+##
.#.##..#.>.........#
.#.#..##............#
......................
.#.....##..............
...#.####............##


You could see a gnoll, a goblin, a bat and a ball python.

Vanquished Creatures
  An endoplasm (D:1)
  A goblin (D:1)
  A kobold (D:1)
  A quokka (D:1)
  A ball python (D:1)
  A bat (D:1)
  A frilled lizard (D:1)
7 creatures vanquished.

Notes
Turn   | Place    | Note
-------+----------+-------------------------------------------
     0 | D:1      | pokeman the Deep Elf Hedge Wizard began the quest for the
                  | Orb.
     0 | D:1      | Reached XP level 1. HP: 10/10 MP: 7/7
    29 | D:1      | Found a faded altar of an unknown god.
   284 | D:1      | Slain by a gnoll

Illustrated notes

Levels and vault maps discovered:
D:1:      dpeg_arrival_radiant, layout_rooms,
          hellmonk_ecumenical_altar_leap_of_faith, serial_park_tiny_pond,
          minmay_split_cup_small

Action                     || total
---------------------------++-------
  Melee: Dagger            ||     4
   Cast: Magic Dart        ||    15
 Armour: Robe              ||    11
  Dodge: Dodged            ||    19

Table legend: (Time is in decaauts)
 A = Elapsed time spent in this place.
 B = Non-inter-level travel time spent in this place.
 C = Inter-level travel time spent in this place.
 D = Time resting spent in this place.
 E = Time spent auto-exploring this place.
 F = Levels seen in this place.
 G = Mean time per level.
                   A        B        C        D        E       F      G
               +--------+--------+--------+--------+--------+-----+--------+
         Total |    284 |    284 |      0 |      0 |    222 |   1 |  284.0 |
       Dungeon |    284 |    284 |      0 |      0 |    222 |   1 |  284.0 |
               +--------+--------+--------+--------+--------+-----+--------+

Top non-repeatable levels by time:
     D:1: 284 daAuts
